 Dungeon Crawl Stone Soup version 0.19.3 (webtiles) character file.

53 zhar the Sneak (level 3, 0/24 HPs)
             Began as a Vampire Necromancer on Jan 20, 2017.
             Slain by an adder (1 damage)
             ... on level 2 of the Dungeon on Jan 22, 2017.
             The game lasted 00:14:58 (2630 turns).

zhar the Sneak (Vampire Necromancer)                Turns: 2630, Time: 00:14:58

Health: 0/24       AC:  2    Str:  7    XL:     3   Next: 62%
Magic:  1/6        EV: 12    Int: 18    God:
Gold:   48         SH:  0    Dex: 14    Spells: 1 memorised, 5 levels left

rFire  . . .     SeeInvis +     e - +0 short sword
rCold  + . .     Gourm    .     a - +0 robe
rNeg   + + .     Faith    .     (no shield)
rPois  +         Spirit   .     (no helmet)
rElec  .         Reflect  .     (no cloak)
rCorr  .         Harm     .     (no gloves)
MR     .....                    (no boots)
Stlth  ++++......               (no amulet)
                                (no ring)
                                (no ring)

@: regenerating slowly
A: fangs 3, see invisible, unbreathing
a: Bat Form


You were on level 2 of the Dungeon.
You were very thirsty.

You visited 1 branch of the dungeon, and saw 2 of its levels.

You collected 48 gold pieces.

Inventory:

Hand Weapons
 d - a +0 dagger
 e - a +0 short sword (weapon)
 m - a +0 spear of flaming
Armour
 a - a +0 robe (worn)
Jewellery
 f - a cursed +4 ring of protection {unknown}
Scrolls
 i - 2 scrolls of enchant weapon {unknown}
 n - a scroll of identify {unknown}
Potions
 c - 8 potions of blood
 g - a potion of flight {unknown}
 h - a potion of haste {unknown}
 j - a potion of brilliance {unknown}
 k - 2 potions of heal wounds {unknown}
 l - 2 potions of might {unknown}
 o - a potion of mutation {unknown}
Books
 b - a book of Necromancy

   Spells                             Type                      Level
   a - Pain                           Necromancy                   1
   b - Animate Skeleton               Necromancy                   1
   c - Vampiric Draining              Necromancy                   3
   d - Regeneration                   Charms/Necromancy            3
   e - Animate Dead                   Necromancy                   4
   f - Control Undead                 Necromancy                   4


   Skills:
 + Level 0.7 Short Blades
 - Level 2.1 Dodging
 * Level 6.1 Stealth
 - Level 2.0 Spellcasting
 - Level 4.3 Necromancy


You had 5 spell levels left.
You knew the following spells:

 Your Spells              Type           Power        Failure   Level  Hunger
a - Pain                  Necr           ###.         3%          1    #......


Dungeon Overview and Level Annotations

Branches:
Dungeon (2/15)

Altars:


Innate Abilities, Weirdness & Mutations

You heal slowly.
You have razor-sharp teeth.
You have supernaturally acute eyesight. (SInv)
You can survive without breathing.


Message History

The adder bites you.
* * * LOW HITPOINT WARNING * * *
The adder barely misses you.
You feel sick.
Casting: Pain
Confirm with . or Enter, or press ? or * to list all spells.
You don't have enough magic to cast that spell.
Unknown command.
The adder barely misses you.
You feel sick.
You are no longer poisoned.
The adder bites you.
* * * LOW HITPOINT WARNING * * *
Unknown command.
Welcome back, zhar the Vampire Necromancer.
Press ? for a list of commands and other information.
Unknown command.
Unknown command.
The adder bites you.
You die...

#.# #........
#.# #........
#.# ####'####
#.##### #.#
#.....# #.#
#####.# #.# #.#
#.#
#S###########.#
#@............#
###############


You could see an adder.

Vanquished Creatures
  2 adders
  2 dart slugs
  A leopard gecko (D:1)
  2 giant cockroaches
  A goblin (D:1)
  3 hobgoblins (D:1)
  4 jackals (D:1)
  2 ball pythons
  6 bats
  5 kobolds
  5 rats
33 creatures vanquished.

Notes
Turn   | Place    | Note
-------+----------+-------------------------------------------
     0 | D:1      | zhar the Vampire Necromancer began the quest for the Orb.
     0 | D:1      | Reached XP level 1. HP: 13/13 MP: 3/3
   357 | D:1      | Reached skill level 4 in Stealth
   640 | D:1      | Upgraded the game from 0.19.1-1-g22dce08 to 0.19.1-28-ge1247f7
   721 | D:1      | Reached XP level 2. HP: 19/19 MP: 5/5
  1248 | D:1      | Reached skill level 5 in Stealth
  1337 | D:1      | Reached XP level 3. HP: 20/24 MP: 2/6
  2240 | D:2      | Reached skill level 6 in Stealth
  2627 | D:2      | HP: 1/24 [adder (3)]
  2630 | D:2      | Upgraded the game from 0.19.1-28-ge1247f7 to 0.19.3
  2630 | D:2      | Slain by an adder

Skill      XL: |  1  2  3 |
---------------+----------+-----
Stealth        | 4 5 6 |  6.1
Short Blades   | |  0.7
Dodging        | |  2.1
Spellcasting   | |  2.0
Necromancy     | |  4.3

Action                   || total
-------------------------++-------
Melee: Short sword       ||    29
       Dagger            ||     1
       Bite              ||     1
 Cast: Pain              ||    45
 Abil: End Transformatio ||     1
       Bat Form          ||     1
  Use: Potion            ||     2
 Stab: Sleeping          ||     6
  Eat: Corpse            ||     1
Armor: Robe              ||     9
Dodge: Dodged            ||    27
